 Dungeon Crawl Stone Soup version 0.31-a0-1321-g5021b54cb2 (webtiles) character file.

Game seed: 631980141886499223

1754 Okkudo the Cleaver (level 9, -1/70 HPs)
             Began as a Hill Orc Monk on Dec 21, 2023.
             Was a Believer of Beogh.
             Slain by a bullfrog (4 damage)
             ... on level 7 of the Dungeon.
             The game lasted 00:19:44 (6289 turns).

Okkudo the Cleaver (Hill Orc Monk)                  Turns: 6289, Time: 00:19:44

Health: -1/70      AC: 12    Str: 18    XL:     9   Next: 6%
Magic:  12/12      EV: 13    Int: 10    God:    Beogh [**....]
Gold:   379        SH:  0    Dex: 13    Spells: 8/8 levels left

rFire   . . .        a - +0 hand axe (protect)
rCold   . . .        d - orb {light}
rNeg    . . .        o - +0 chain mail
rPois   .            u - +1 helmet
rElec   .            v - +0 cloak
rCorr   .            (no gloves)
SInv    .            s - +0 pair of boots
Will    +....        (no amulet) Stlth
                     b - +5 ring of evasion
HPRegen 0.31/turn    j - ring of willpower
MPRegen 0.13/turn

%: no passive effects
@: mighty, glowing
A: no striking features
a: Renounce Religion, Smiting


You were on level 7 of the Dungeon.
You worshipped Beogh.
Beogh was pleased with you.
You visited 1 branch of the dungeon, and saw 7 of its levels.

You collected 379 gold pieces.

Inventory:

Hand Weapons
 a - a +0 hand axe of protection (weapon)
 p - a +0 orcbow
Missiles
 y - a poisoned dart
Armour
 d - an orb of light (worn)
 f - a +0 pair of boots
 g - a +2 ring mail of cold resistance
 o - a +0 chain mail (worn)
 s - a +0 pair of boots (worn)
 u - a +1 helmet (worn)
 v - a +0 cloak (worn)
Jewellery
 b - a +5 ring of evasion (left hand)
 j - a ring of willpower (right hand)
 k - a +5 ring of evasion
 t - a ring of flight
 x - a ring of protection from fire
 z - a ring of fire
Scrolls
 c - a scroll of enchant armour
 q - a scroll of noise {unknown}
 r - 3 scrolls of immolation
 w - 3 scrolls of enchant weapon
Potions
 e - 2 potions of degeneration {unknown}
 h - 2 potions of attraction {unknown}
 i - a potion of lignification
 l - a potion of might
 m - a potion of magic {unknown}
 n - a potion of heal wounds {unknown}
 A - a potion of berserk rage {unknown}
 B - a potion of mutation {unknown}


   Skills:
 - Level 3.6 Fighting
 * Level 14.1 Axes
 - Level 2.4 Dodging
 + Level 4.9 Invocations


You had 8 spell levels left.
You didn't know any spells.
Your spell library contained the following spells:

 Spells                   Type           Power      Damage    Failure   Level
 Kiss of Death            Conj/Necr      0%         2d5       99%         1
 Blink                    Tloc           0%         N/A       99%         2
 Lesser Beckoning         Tloc           0%         N/A       99%         2
 Momentum Strike          Conj/Tloc      0%         3d8       99%         2
 Confusing Touch          Hex            0%         N/A       100%        3
 Dispel Undead            Necr           0%         3d6       100%        4


Dungeon Overview and Level Annotations

Branches:
Dungeon (7/15)             Temple (0/1) D:7

Altars:
Dithmenos
Fedhas
Makhleb
Nemelex Xobeh
Sif Muna
Yredelemnul
The Shining One

Shops:
D:4 :


Message History

The bullfrog hits you but does no damage.
The steam dragon barely misses you. The steam dragon closely misses you.
You slash the steam dragon!
You kill the steam dragon!
Beogh accepts your kill.
You closely miss the bullfrog. You slash the sky beast!
You are engulfed in a cloud of scalding steam.
* * * LOW HITPOINT WARNING * * *
The sky beast hits you but does no damage.
The bullfrog hits you but does no damage.
Your Axes skill increases to level 14!
You have reached level 9!
Your experience leads to an increase in your attributes!
Increase (S)trength, (I)ntelligence, or (D)exterity?
You feel stronger. x2
You slash the sky beast!
You kill the sky beast!
Beogh accepts your kill.
You barely miss the bullfrog. You slash the bullfrog!
The bullfrog completely misses you. The bullfrog barely misses you.
The bullfrog hits you.
* * * LOW HITPOINT WARNING * * *
The bullfrog hits you but does no damage.
The steam dragon barely misses you. The steam dragon misses you.
The bullfrog misses you. The bullfrog barely misses you.
The steam dragon breathes steam at you. The ball of steam misses you.
The bullfrog barely misses you. The bullfrog attacks as it pursues you!
The bullfrog barely misses you.
The bullfrog is engulfed in a cloud of scalding steam.
The bullfrog releases a deep croak.
The bullfrog is engulfed in a cloud of scalding steam.
The bullfrog hits you but does no damage.
The bullfrog attacks as it pursues you!
The bullfrog hits you but does no damage.
The orc warrior is engulfed in a cloud of scalding steam.
You see here 7 gold pieces.
The bullfrog is engulfed in a cloud of scalding steam.
The bullfrog dies!
The bullfrog hits you.
You die...

.#........#........
#................##
##........<.>........#.
#..##..................
#.###................#
#.##.........)....?..#.
##.#.o..................
#..#5#.........(........
##....##.....<..@.....#.
#...#..o{.....#.F$...##
...#############D.##....#
..## #..5§..>...## ###
#######.o...§....# #
#.....5..........# #####
#....o†...........
....###....##...........
.5o..####.###..........#


You could see a steam dragon, a bullfrog and an ufetubus.

Vanquished Creatures
  A steam dragon (D:7)
  Menkaure (D:6)
  A water moccasin (D:4)
  An orc warrior (D:5)
  2 sky beasts
  A black bear (D:5)
  An ice beast (D:6)
  2 ogres
  A bullfrog (D:5)
  2 scorpions
  A howler monkey (D:6)
  A jelly (D:5)
  6 hounds
  A sleepcap (D:5)
  4 iguanas
  3 orc wizards
  6 adders
  A white imp (D:6)
  2 worms (D:2)
  A dart slug (D:2)
  10 orcs
  5 ball pythons
  5 endoplasms
  A giant cockroach (D:1)
  5 goblins
  4 hobgoblins (D:2)
  2 jackals (D:4)
  6 bats
  3 frilled lizards
  8 kobolds
  A rat (D:3)
89 creatures vanquished.

Vanquished Creatures (others)
  A bullfrog (D:7)
  An orc priest (D:5)
  An orc wizard (D:5)
  3 orcs (D:5)
  A quokka (D:5)
7 creatures vanquished.

Grand Total: 96 creatures vanquished

Notes
Turn   | Place    | Note
-------+----------+-------------------------------------------
     0 | D:1      | Okkudo the Hill Orc Monk began the quest for the Orb.
     0 | D:1      | Reached XP level 1. HP: 19/19 MP: 1/1
   266 | D:1      | Reached XP level 2. HP: 26/26 MP: 2/2
   851 | D:2      | Reached skill level 5 in Axes
   962 | D:2      | Reached XP level 3. HP: 29/31 MP: 3/3
  1402 | D:2      | Reached skill level 6 in Axes
  1849 | D:3      | Reached XP level 4. HP: 36/39 MP: 4/4
  2058 | D:3      | Found a faded altar of an unknown god.
  2690 | D:4      | Reached skill level 7 in Axes
  2691 | D:4      | Reached XP level 5. HP: 30/45 MP: 5/5
  2864 | D:4      | Found a burning altar of Makhleb.
  2867 | D:4      | Noticed a water moccasin
  2918 | D:4      | Killed a water moccasin
  2919 | D:4      | Reached skill level 8 in Axes
  2919 | D:4      | Reached XP level 6. HP: 14/51 MP: 6/6
  2932 | D:4      | Reached skill level 9 in Axes
  3272 | D:4      | Found Gohamuoch's Tiny Tomes.
  3450 | D:5      | Entered Level 5 of the Dungeon
  3638 | D:5      | Reached skill level 10 in Axes
  3638 | D:5      | Reached XP level 7. HP: 51/57 MP: 7/7
  3705 | D:5      | Became a worshipper of Beogh the Brigand
  3705 | D:5      | Reached * piety under Beogh
  3705 | D:5      | Reached ** piety under Beogh
  3808 | D:4      | HP: 1/57 [orc warrior/+0 battleaxe (11)]
  4266 | D:5      | Found a shadowy altar of Dithmenos.
  4270 | D:5      | Found a sparkling altar of Nemelex Xobeh.
  4294 | D:5      | Found a shimmering blue altar of Sif Muna.
  4296 | D:5      | Found a blossoming altar of Fedhas.
  4296 | D:5      | Found a glowing golden altar of the Shining One.
  4372 | D:5      | Reached skill level 11 in Axes
  4864 | D:5      | Found a basalt altar of Yredelemnul.
  4975 | D:5      | Reached skill level 12 in Axes
  4975 | D:5      | Reached XP level 8. HP: 37/64 MP: 8/8
  5373 | D:6      | Reached skill level 1 in Invocations
  5517 | D:6      | Reached skill level 13 in Axes
  5731 | D:6      | Noticed Menkaure
  5765 | D:6      | Killed Menkaure
  6223 | D:7      | Found a staircase to the Ecumenical Temple.
  6281 | D:7      | HP: 3/64 [something (4)]
  6282 | D:7      | Reached skill level 14 in Axes
  6282 | D:7      | Reached XP level 9. HP: 3/70 MP: 12/12
  6283 | D:7      | HP: 1/70 [bullfrog (3)]
  6289 | D:7      | Slain by a bullfrog

Illustrated notes

Levels and vault maps discovered:
D:1:      dpeg_chamrin_arrival_tetris, layout_basic, grunt_decor_arrowhead
D:2:      layout_loops_ring
D:3:      layout_loops_corners, basic_ecumenical_altar,
          minmay_goblin_kobold_house
D:4:      layout_basic, old_standard_altar, chequers_serial_rivers_micro_c,
          st_stairs_11, nicolae_shop_i_like_small_books_too
D:5:      layout_cave_pools, mainiacjoe_overflow_alcove_2,
          grunt_temple_overflow_open, guppyfry_early_orc_mine
D:6:      layout_loops_ring, uniq_menkaure
D:7:      layout_rooms, xom_shifter_show, minmay_temple_entry_mini_moons,
          hangedman_misty_isle

Skill      XL: |  1  2  3  4  5  6  7  8 |
---------------+-------------------------+-----
Axes           | 5 6 7 8 10 12 14 | 14.1
Invocations    | 4 |  4.9
Fighting       | |  3.6
Dodging        | |  2.4

Action                     |  1- 3 |  4- 6 |  7- 9 || total
---------------------------+-------+-------+-------++-------
  Melee: Hand axe          |    98 |   115 |   241 ||   454
  Throw: Dart              |       |     1 |    17 ||    18
 Invoke: Convert to Beogh  |       |       |     1 ||     1
    Use: Potion            |       |     3 |     2 ||     5
         Scroll            |       |     3 |     8 ||    11
 Armour: Scale mail        |    36 |    64 |    83 ||   183
         Chain mail        |       |       |    95 ||    95
  Dodge: Dodged            |    76 |    98 |   171 ||   345

Table legend: (Time is in decaauts)
 A = Elapsed time spent in this place.
 B = Non-inter-level travel time spent in this place.
 C = Inter-level travel time spent in this place.
 D = Time resting spent in this place.
 E = Time spent auto-exploring this place.
 F = Levels seen in this place.
 G = Mean time per level.
                   A        B        C        D        E       F      G
               +--------+--------+--------+--------+--------+-----+--------+
         Total |   6208 |   6095 |    113 |    777 |   3270 |   7 |  886.9 |
       Dungeon |   6208 |   6095 |    113 |    777 |   3270 |   7 |  886.9 |
               +--------+--------+--------+--------+--------+-----+--------+

Top non-repeatable levels by time:
     D:4: 1447 daAuts
     D:5: 1367 daAuts
     D:3: 1030 daAuts
     D:6: 839 daAuts
     D:1: 763 daAuts
     D:2: 700 daAuts
     D:7: 59 daAuts
